 Dungeon Crawl Stone Soup version 0.17-a0-2127-g1cb09f6 (console) character file.

102 brucemayne the Chopper (level 4, 0/35 HPs)
             Began as a Demonspawn Berserker on Oct 23, 2015.
             Was a Follower of Trog.
             Succumbed to a worker ant's poison
             ... on level 4 of the Dungeon.
             The game lasted 00:02:06 (568 turns).

brucemayne the Chopper (Demonspawn Berserker)        Turns: 568, Time: 00:02:06

Health: 0/35       AC:  4    Str: 23    XL:     4   Next: 50%
Magic:  4/4        EV: 12    Int:  9    God:    Trog [*.....]
Gold:   37         SH:  0    Dex: 12    Spells: 0 memorised, 3 levels left

rFire  . . .     SeeInvis .     f - +0 whip (elec)
rCold  . . .     Clarity  .     b - +0 animal skin
rNeg   . . .     SustAt   .     (no shield)
rPois  .         Gourm    .     (no helmet)
rElec  .         Spirit   .     (no cloak)
rCorr  +         Warding  .     (no gloves)
rMut   .         Stasis   .     (no boots)
MR     .....                    h - amulet of resist corrosion
Stlth  +.........               (no ring)
                                (no ring)

@: mighty, lethally poisoned (0 -> -3), not resistant to hostile enchantments,
very unstealthy
A: thin metallic scales 1, powered by pain 1
a: Berserk, Burn Spellbooks, Renounce Religion


You were on level 4 of the Dungeon.
You worshipped Trog.
Trog was aware of your devotion.
You were not hungry.

You visited 1 branch of the dungeon, and saw 4 of its levels.

You collected 37 gold pieces.

Inventory:

Hand Weapons
 a - a +0 hand axe
 d - a +0 mace
 f - a +0 whip of electrocution (weapon)
Armour
 b - a +0 animal skin (worn)
Jewellery
 h - an amulet of resist corrosion (around neck)
Scrolls
 i - a scroll of remove curse {unknown}
 k - 2 scrolls of identify {unknown}
 l - a scroll of recharging {unknown}
Comestibles
 c - 2 chunks of flesh
 g - a meat ration
 j - a royal jelly


   Skills:
 - Level 3.0 Fighting
 + Level 4.8 Axes
 - Level 1.7 Armour
 - Level 1.7 Dodging


You had 3 spell levels left.
You didn't know any spells.

Dungeon Overview and Level Annotations

Branches:
Dungeon (4/15)
 Temple: D:4-7

Altars:
Sif Muna

Annotations:
D:4 Pikel


Innate Abilities, Weirdness & Mutations

You are partially covered in thin metallic scales (AC +2).
You sometimes gain a little power by taking damage.


Message History

* * * LOW HITPOINT WARNING * * *
You are poisoned.
The worker ant poisons you!
Unknown command.
You hit the worker ant.
You kill the worker ant!
Trog accepts your kill.
You feel sick.
Unknown command.
Drink which item? (? for menu, Esc to quit)
It was a potion of might.
You feel very mighty all of a sudden. The slave hits you.
* * * LOW HITPOINT WARNING * * *
You barely miss the slave.
* * * LOW HITPOINT WARNING * * *
You feel sick. The slave hits you.
* * * LOW HITPOINT WARNING * * *
You hear the slow hiss of an avalanche of sand nearby.
You die...

### #########
###.#########
........####.<.........#
#........##p.#..a.......
#.....@.p.##...p.......
##.......###..)........
###...#####...........
#..## #............ ...#
#............ ..##
#............ ..#
##....######. .# ######


You could see 2 slaves.

Vanquished Creatures
  A slave (D:4)
  A worker ant (D:4)
  A centaur skeleton (D:4)
  3 adders
  An ooze (D:1)
  A giant gecko (D:3)
  An orc (D:3)
  A giant cockroach (D:1)
  A goblin (D:3)
  2 hobgoblins
  A bat (D:1)
  A giant newt (D:3)
  4 jackals
  A jackal skeleton (D:3)
  A rat (D:1)
21 creatures vanquished.

Notes
Turn   | Place    | Note
--------------------------------------------------------------
     0 | D:1      | brucemayne the Demonspawn Berserker began the quest for the Orb.
     0 | D:1      | Reached XP level 1. HP: 18/18 MP: 1/1
    46 | D:1      | Gained mutation: You sometimes gain a little power by taking damage. [demonic ancestry]
    46 | D:1      | Reached XP level 2. HP: 9/24 MP: 2/2
   307 | D:2      | Gained mutation: You are partially covered in thin metallic scales (AC +2). [demonic ancestry]
   307 | D:2      | Reached XP level 3. HP: 25/29 MP: 3/3
   393 | D:3      | Reached skill level 4 in Axes
   476 | D:3      | Found a deep blue altar of Sif Muna.
   525 | D:4      | Reached XP level 4. HP: 25/35 MP: 4/4
   532 | D:4      | Noticed a slave
   533 | D:4      | Noticed a slave
   533 | D:4      | Noticed a slave
   534 | D:4      | Noticed Pikel
   534 | D:4      | Noticed a slave
   557 | D:4      | Killed a slave
   565 | D:4      | HP: 1/35 [slave[Pikel] (1)]
   568 | D:4      | Succumbed to a worker ant's poison

Vault maps used:
D:1:      dpeg_arrival_shelter
D:2:      kennysheep_goblin_castle, lemuel_crystal_altar, first_bread,
          ecumenical_altar_1, minmay_bad_closet
D:3:      nicolae_overflow_crystal_walls, lightli_sewer_entry_pipes, uniq_iyjb,
          uniq_grinder, uniq_terence
D:4:      vehumet_crystals, temple_doors_e,
          lightli_ossuary_entry_decrepit_ruins, uniq_pikel

Action                   |  1- 3 |  4- 6 || total
-------------------------+-------+-------++-------
Melee: Hand axe          |    59 |       ||    59
       Whip              |       |    20 ||    20
Invok: Berserk           |     4 |       ||     4
  Use: Potion            |       |     1 ||     1
 Stab: Sleeping          |     1 |       ||     1
  Eat: Bread ration      |     1 |       ||     1
       Chunk             |     1 |       ||     1
